 Dungeon Crawl Stone Soup version 0.15-a0-271-g6095dc6 (webtiles) character file.

337 PolkaDot the Caller (level 5, -5/35 HPs)
             Began as a Vampire Summoner on Apr 28, 2014.
             Slain by a slave (6 damage)
             ... led by Pikel
             ... on Level 4 of the Dungeon.
             The game lasted 00:14:53 (2996 turns).

PolkaDot the Caller (Vampire Summoner)              Turns: 2996, Time: 00:14:55

HP  -5/35        AC  5     Str 12      XL: 5   Next: 59%
MP   4/11        EV 12     Int 23      God:
Gold 124         SH  0     Dex 14      Spells:  3 memorised,  4 levels left

rFire  + . .     SeeInvis +     r - +0,+2 dagger (vamp)
rCold  . . .     Clarity  .     a - +0 robe
rNeg   . . .     Conserve .     (no shield)
rPois  .         rCorr    .     h - +1 helmet
rElec  .         rRot     .     (no cloak)
SustAb . .       Spirit   .     k - +0 pair of gloves
rMut   +         Warding  .     (no boots)
Saprov . . .     Stasis   .     v - amulet of resist mutation
MR     .....                    w - ring of protection from fire
                                u - ring of sustenance

@: regenerating quickly, confused, mighty, brilliant, not resistant to hostile
enchantments, unstealthy
A: fangs 3, see invisible, unbreathing
a: no special abilities


You were on level 4 of the Dungeon.
You were very full.

You visited 1 branch of the dungeon, and saw 4 of its levels.

You collected 124 gold pieces.

Inventory:

Hand weapons
 r - a +0,+2 vampiric dagger (weapon)
Armour
 a - a +0 robe (worn)
 h - a +1 helmet (worn)
 k - a +0 pair of gloves (worn)
Magical devices
 t - a wand of polymorph (10) {unknown}
Scrolls
 c - 2 scrolls of remove curse
 d - 3 scrolls of identify
 f - 2 scrolls of teleportation {unknown}
 g - a scroll of noise {unknown}
 m - a scroll of immolation {unknown}
 n - a scroll of enchant weapon I {unknown}
 q - 2 scrolls of random uselessness {unknown}
 s - a scroll of fear {unknown}
Jewellery
 u - a ring of sustenance (left hand)
 v - an amulet of resist mutation (around neck)
 w - a ring of protection from fire (right hand)
Potions
 e - a potion of paralysis {!q}
 i - a potion of restore abilities
Books
 b - a book of Callings

   Spells                             Type                      Level
   *Summon Small Mammal               Summoning                    1
   *Call Imp                          Summoning                    2
   *Call Canine Familiar              Summoning                    3
   Summon Guardian Golem              Hexes/Summoning              4
   Summon Lightning Spire             Summoning/Air                4
   Summon Ice Beast                   Ice/Summoning                4


   Skills:
 - Level 2.1 Dodging
 - Level 3.0 Stealth
 + Level 3.4 Spellcasting
 * Level 6.1 Summonings


You had 4 spell levels left.
You knew the following spells:

 Your Spells              Type           Power        Failure   Level  Hunger
a - Summon Small Mammal   Summ           ####         1%          1    None
d - Call Canine Familiar  Summ           #####...     1%          3    ###....
s - Call Imp              Summ           #####...     1%          2    #......


Dungeon Overview and Level Annotations

Branches:
Dungeon (4/15)
 Temple: D:4-7

Altars:
Ashenzari
Nemelex Xobeh

Annotations:
D:4 Pikel


Innate Abilities, Weirdness & Mutations

Your natural rate of healing is unusually fast.
You have razor-sharp teeth.*
You have supernaturally acute eyesight.
You can survive without breathing.*


Message History

The slave is moderately wounded.
Your hound bites the slave but does no damage.
Pikel zaps a wand.
You easily resist.
Your crimson imp blinks!
The slave closely misses you.
Your hound bites the slave.
The slave hits you but does no damage. The slave hits you!
* * * LOW HITPOINT WARNING * * *
Pikel zaps a wand.
You are more confused.
The slave hits your hound but does no damage.
Unknown command.
You hit your hound.
The hound is almost dead.
The hound bites you.
* * * LOW HITPOINT WARNING * * *
Your crimson imp blinks!
The slave hits you.
* * * LOW HITPOINT WARNING * * *
Pikel zaps a wand.
You easily resist.
The slave hits you.
You die...

#............# .
#......<.....##....
#............##.....
#............##......
..............##.......
....####......##.......#
... #......##.......# (
#...............#
#........pp.....#
#........@p5....#
#........hK.....#
#.....§...p.....#
.........§.....#
..............#
.........5...
........... .........
###


You could see Pikel, 4 slaves, a hound, a crimson imp and a friendly crimson
imp.

Vanquished Creatures
  Jessica (D:2)
  4 adders
  A giant mite (D:3)
  3 giant geckos
  An orc (D:3)
  A giant cockroach (D:2)
  4 hobgoblins
  6 jackals
  4 kobolds
  5 bats
  2 giant newts
  6 goblins
  A quokka (D:2)
  13 rats
52 creatures vanquished.

Vanquished Creatures (collateral kills)
  A sky beast (D:3)
  A hound (D:4)
  An iguana (D:4)
  A gnoll (D:1)
  2 adders (D:2)
  A giant mite (D:1)
  A giant gecko (D:2)
  An ooze (D:1)
  3 bats (D:1)
  A jackal (D:4)
  2 quokkas
  A goblin (D:1)
  4 kobolds
20 creatures vanquished.

Vanquished Creatures (others)
  A hound (D:3)
  A shadow imp (D:4)
  A bat (D:1)
  2 quokkas
  3 rats (D:1)
8 creatures vanquished.

Grand Total: 80 creatures vanquished

Notes
Turn   | Place    | Note
--------------------------------------------------------------
     0 | D:1      | PolkaDot, the Vampire Summoner, began the quest for the Orb.
     0 | D:1      | Reached XP level 1. HP: 13/13 MP: 3/3
   228 | D:1      | Reached XP level 2. HP: 17/19 MP: 1/4
   260 | D:1      | Learned a level 2 spell: Call Imp
  1035 | D:2      | Reached XP level 3. HP: 24/24 MP: 6/6
  1056 | D:2      | Learned a level 3 spell: Call Canine Familiar
  1080 | D:2      | Noticed Jessica
  1091 | D:2      | Killed Jessica
  1467 | D:2      | Reached skill level 5 in Summonings
  1828 | D:2      | Reached XP level 4. HP: 30/30 MP: 4/8
  1938 | D:2      | Found a shattered altar of Ashenzari.
  2677 | D:3      | Noticed a sky beast
  2724 | D:3      | Killed a sky beast
  2724 | D:3      | Reached XP level 5. HP: 29/35 MP: 1/11
  2924 | D:3      | Found a sparkling altar of Nemelex Xobeh.
  2954 | D:4      | Reached skill level 6 in Summonings
  2975 | D:4      | Noticed a slave
  2976 | D:4      | Noticed a slave
  2976 | D:4      | Noticed a slave
  2977 | D:4      | Noticed Pikel
  2977 | D:4      | Noticed a slave
  2996 | D:4      | HP: 1/35 [slave[Pikel] (1)]
  2996 | D:4      | Slain by a slave

Action                   |  1- 3 |  4- 6 || total
-------------------------+-------+-------++-------
Melee: Unarmed           |    39 |       ||    39
       Dagger            |   118 |   119 ||   237
 Cast: Summon Small Mamm |    23 |     3 ||    26
       Call Imp          |     1 |     6 ||     7
       Call Canine Famil |     6 |     3 ||     9
  Use: Potion            |     1 |     4 ||     5
       Scroll            |       |     2 ||     2
 Stab: Sleeping          |     4 |     4 ||     8
